Map: 카탈리스트 - 래더

Players

INnoVation - Winner!

  • Race: Terran Terran
  • Spawn Location: 11:00

Cloudy

  • Race: Protoss Protoss
  • League: Master
  • Spawn Location: 5:00

Event: 2018 Hangzhou StarCraft Carnival

VOD

Have the link to the VOD?

Description

Time

  • Played on: April 29, 2018, 3:09 a.m.
  • Length: 10:13

All games in this series

Show
View Real Time Build Order
Export as new Build Order

INnoVation Terran - Winner!

Build Orders: Reaper Expand, MMM Bio 

Get SALT Encoding   

  12  0:00  SCV  
  13  0:12  SCV  
  14  0:17  Supply Depot  
  14  0:25  SCV  
  15  0:38  SCV  
  15  0:40  Barracks  
  16  0:43  Refinery  
  16  0:50  SCV  
  17  1:02  SCV  
  18  1:15  SCV  
  19  1:27  Reaper, Orbital Command  
  20  1:42  Command Center  
  20  1:52  SCV  
  20  1:53  Supply Depot  
  21  1:58  Marine  
  22  2:04  SCV  
  22  2:08  Factory  
  23  2:12  Refinery  
  23  2:18  SCV  
  23  2:19  Barracks Reactor  
  24  2:30  SCV  
  25  2:42  SCV  
  26  2:51  Starport  
  26  2:53  Widow Mine  
  26  2:54  Orbital Command  
  26  2:56  Marine x2, SCV  
  31  3:01  Barracks  
  31  3:08  SCV  
  32  3:13  Marine  
  32  3:14  Marine  
  32  3:15  Widow Mine  
  37  3:20  SCV x2  
  38  3:27  Medivac  
  38  3:30  Barracks  
  38  3:34  SCV x2  
  42  3:37  Factory Tech Lab  
  42  3:40  Supply Depot  
  42  3:43  Bunker  
  42  3:47  SCV  
  42  3:48  SCV  
  44  3:57  Starport Tech Lab  
  44  3:59  SCV  
  44  4:00  SCV  
  44  4:01  Engineering Bay  
  46  4:03  Supply Depot  
  46  4:06  Stimpack  
  46  4:12  SCV, Refinery  
  46  4:13  SCV  
  48  4:20  Marauder  
  48  4:23  Marine x2  
  54  4:24  Marauder  
  54  4:26  SCV  
  54  4:27  SCV  
  54  4:29  Combat Shields  
  55  4:34  Terran Infantry Weapons Level 1  
  55  4:36  Supply Depot  
  55  4:38  Starport Reactor  
  55  4:42  Marine x2  
  57  4:48  Marauder  
  57  4:49  Marauder  
  57  4:52  Missile Turret  
  61  4:57  Factory Reactor  
  61  4:59  Supply Depot x2  
  61  5:02  SCV  
  61  5:03  SCV  
  63  5:09  Marine x2  
  63  5:10  Marauder x2  
  69  5:16  SCV  
  69  5:20  Medivac  
  69  5:21  SCV, Medivac  
  73  5:23  Supply Depot  
  73  5:31  Marauder x2  
  73  5:32  Marine x2  
  79  5:36  SCV  
  79  5:37  SCV  
  79  5:42  Supply Depot  
  81  5:44  Refinery  
  81  5:47  Widow Mine x2  
  81  5:48  Concussive Shells  
  85  5:53  Supply Depot  
  85  5:57  SCV x2  
  86  6:01  Marine x2, Marauder x2  
  93  6:08  Widow Mine x2  
  93  6:09  SCV x2  
  99  6:15  Medivac x2  
  103  6:19  Supply Depot  
  103  6:28  Terran Infantry Armor Level 1  
  103  6:30  Command Center  
  101  6:35  Marauder x2  
  101  6:39  Marine x2  
  105  6:46  Liberator x2  
  102  6:47  Widow Mine x2  
  102  6:56  Barracks  
  102  7:00  Barracks  
  104  7:11  Marine x2, Marauder x2  
  104  7:14  SCV x2  
  106  7:17  Widow Mine x2  
  107  7:26  SCV x2  
  101  7:31  Marine x2  
  101  7:32  Marauder x2  
  107  7:40  SCV x2, Widow Mine x2  
  113  7:44  Orbital Command  
  113  7:46  Medivac x2  
  117  7:51  Barracks Tech Lab, Barracks Reactor  
  117  7:53  SCV x2  
  119  8:04  Marine x2, Marauder x2  
  119  8:05  SCV x2, Widow Mine x2  
  131  8:13  SCV  
  131  8:15  Supply Depot  
  131  8:16  Supply Depot  
  131  8:17  SCV, Supply Depot  
  131  8:19  Armory  
  133  8:23  Engineering Bay  
  133  8:37  Marine x4, SCV, Widow Mine, Marauder x2  
  133  8:38  Widow Mine, Marauder  
  148  8:43  SCV x2  
  148  8:45  Refinery  
  148  8:46  Refinery, Supply Depot x2  
  148  8:47  Ghost Academy  
  150  8:49  SCV  
  149  8:59  Marine x3, Marauder x3  
  149  9:00  Marine  
  149  9:02  SCV  
  156  9:03  SCV  
  156  9:09  Widow Mine x2  
  151  9:23  Medivac x2  
  146  9:30  SCV, Widow Mine x2  
  146  9:31  SCV  
  143  9:43  Marauder x3  
  143  9:45  Marine x4  
Show
View Real Time Build Order
Export as new Build Order

Cloudy Protoss 

Build Orders: 1 Gate Expand, Blink Stalkers 

Get SALT Encoding   

  12  0:01  Probe  
  13  0:13  Probe  
  14  0:20  Pylon  
  14  0:25  Probe  
  15  0:34  Probe  
  15  0:38  Gateway  
  15  0:42  Probe  
  16  0:48  Assimilator  
  17  0:52  Probe  
  18  1:04  Probe  
  19  1:16  Probe  
  20  1:24  Nexus  
  20  1:33  Cybernetics Core  
  20  1:38  Probe  
  21  1:45  Assimilator  
  21  1:50  Probe  
  22  1:54  Pylon  
  22  2:02  Probe  
  22  2:03  Stalker  
  23  2:12  Warp Gate  
  23  2:14  Probe  
  26  2:26  Twilight Council, Probe  
  25  2:38  Probe  
  25  2:40  Stalker  
  25  2:42  Probe  
  27  2:46  Probe  
  27  2:50  Probe  
  29  2:54  Probe  
  31  2:59  Blink  
  31  3:00  Probe  
  31  3:04  Probe  
  32  3:12  Probe  
  33  3:13  Probe  
  35  3:20  Probe  
  35  3:25  Probe  
  37  3:31  Probe  
  37  3:33  Gateway  
  38  3:36  Gateway  
  38  3:37  Probe  
  39  3:43  Probe  
  39  3:45  Stalker  
  42  3:50  Pylon, Probe  
  44  3:55  Probe  
  44  4:02  Probe  
  45  4:07  Probe  
  46  4:14  Probe  
  47  4:19  Nexus  
  47  4:21  Probe  
  48  4:26  Pylon, Probe  
  49  4:33  Probe  
  49  4:37  Stalker x2  
  54  4:49  Stalker  
  54  4:51  Probe x2  
  58  4:59  Assimilator  
  58  5:00  Forge  
  58  5:02  Forge  
  58  5:03  Probe  
  58  5:04  Charge  
  58  5:05  Pylon  
  58  5:07  Protoss Ground Weapons Level 1, Protoss Ground Armor Level 1  
  59  5:09  Stalker  
  59  5:13  Probe  
  62  5:23  Pylon, Probe  
  63  5:28  Stalker x2  
  63  5:31  Probe x2  
  69  5:35  Probe  
  69  5:41  Gateway  
  69  5:42  Gateway  
  70  5:47  Gateway, Sentry  
  72  5:52  Gateway, Probe x2  
  72  5:55  Sentry  
  76  5:57  Gateway  
  76  6:07  Sentry  
  76  6:08  Probe x2  
  80  6:15  Probe  
  80  6:16  Pylon  
  80  6:17  Pylon, Zealot  
  83  6:18  Zealot, Shield Battery  
  83  6:20  Probe  
  83  6:24  Pylon  
  86  6:34  Zealot  
  80  6:40  Zealot x2  
  77  6:51  Zealot  
  77  6:52  Protoss Ground Armor Level 2  
  74  6:56  Zealot x4  
  74  6:57  Zealot, Protoss Ground Weapons Level 2  
  69  7:04  Zealot x2  
  65  7:12  Zealot  
  61  7:17  Zealot x5  
  61  7:19  Probe x2  
  67  7:27  Zealot x2  
  63  7:32  Zealot  
  63  7:37  Zealot x2  
  63  7:38  Zealot  
  63  7:42  Zealot x2  
  63  7:43  Probe  
  74  7:49  Sentry x3  
  80  7:52  Probe x2  
  80  7:56  Pylon  
  82  8:03  Zealot x3  
  88  8:11  Robotics Facility  
  88  8:13  Probe x3  
  88  8:18  Zealot x2  
  95  8:21  Zealot  
  97  8:28  Stalker  
  97  8:29  Stalker  
  99  8:37  Pylon  
  99  8:38  Pylon  
  99  8:40  Pylon  
  99  8:45  Pylon, Probe x2  
  99  8:56  Stalker x4  
  99  8:58  Zealot x2  
  99  9:00  Zealot  
  99  9:02  Zealot  
  101  9:19  Zealot x6  
  105  9:27  Zealot x2  
  90  9:42  Stalker x3  
  71  9:52  Zealot  
  71  9:53  Zealot x4  
  71  10:06  Zealot x2  
  71  10:07  Zealot  
Tags
 
Add a new tag
Caveats
  • Supply blocks, unpowered buildings, or Contaminate may cause inaccurate times.
  • Supply counts are checked every 10 seconds.